 Dungeon Crawl Stone Soup version 0.19.1-1-g22dce08 (webtiles) character file.

125 Alarkh the Chopper (level 4, -4/35 HPs)
             Began as a Demonspawn Monk on Jan 4, 2017.
             Slain by a gnoll
             ... wielding a +0 spear
              (8 damage)
             ... on level 3 of the Dungeon.
             The game lasted 00:04:07 (2517 turns).

Alarkh the Chopper (Demonspawn Monk)                Turns: 2517, Time: 00:04:08

Health: -4/35      AC:  2    Str: 11    XL:     4   Next: 82%
Magic:  4/4        EV: 13    Int: 13    God:
Gold:   117        SH:  0    Dex: 15    Spells: 0 memorised, 3 levels left

rFire  . . .     SeeInvis .     n - +0 hand axe (flame)
rCold  . . .     Gourm    .     b - +0 robe
rNeg   . . .     Faith    .     (no shield)
rPois  .         Spirit   .     f - +0 hat
rElec  .         Reflect  .     (no cloak)
rCorr  .         Harm     .     (no gloves)
MR     .....                    (no boots)
Stlth  ++........               (no amulet)
                                (no ring)
                                (no ring)

@: no status effects
A: antennae 1, powered by death 1
a: no special abilities


You were on level 3 of the Dungeon.
You were hungry.

You visited 1 branch of the dungeon, and saw 3 of its levels.

You collected 117 gold pieces.

Inventory:

Hand Weapons
 a - a +0 hand axe
 i - a +0 war axe
 n - a +0 hand axe of flaming (weapon)
Armour
 b - a +0 robe (worn)
 f - a +0 hat (worn)
Scrolls
 e - a scroll of identify
 j - a scroll of blinking {unknown}
 k - a scroll of teleportation
 p - a scroll of immolation {unknown}
Potions
 d - a potion of magic
Comestibles
 c - 2 bread rations
 g - 2 meat rations
 o - a royal jelly


   Skills:
 - Level 3.0 Fighting
 + Level 5.1 Axes
 - Level 2.6 Dodging
 - Level 1.7 Stealth


You had 3 spell levels left.
You didn't know any spells.

Dungeon Overview and Level Annotations

Branches:
Dungeon (3/15)

Altars:

Annotations:
D:2 Natasha


Innate Abilities, Weirdness & Mutations

You have a pair of small antennae on your head.
You regenerate a little health from kills.


Message History

You barely miss the gnoll.
The gnoll is almost dead.
The gnoll hits you with a spear.
You are too injured to fight recklessly!
You are too injured to fight recklessly!
You closely miss the gnoll.
The gnoll is almost dead.
The gnoll hits you with a spear.
You hit the gnoll but do no damage.
The gnoll is almost dead.
The gnoll misses you.
You barely miss the gnoll.
The gnoll is almost dead.
The gnoll hits you with a spear!
* * * LOW HITPOINT WARNING * * *
Okay, then.
You barely miss the gnoll.
The gnoll is almost dead.
The gnoll hits you with a spear!
You die...

.....###....## #
#..#.....#.##
#..#..#..#.###.#
#..............#
#.##..#..#.######
#.##..#..#.# #..
#.##..#..#.# #.#
#.##..#..#.####.####
#.##<...........@..##.#
#.###...#..####g......#
.......###(####..#.####
#.####..#....(...#...
#.# ##.....#####.# ###
#.###.[..#.# #.#
#..........# #.#
#####.)##### #.#
...(.......# .#


You could see a gnoll.

Vanquished Creatures
  Natasha (twice) (D:2)
  2 gnolls (D:3)
  3 worms
  A dart slug (D:1)
  A ball python (D:1)
  5 giant cockroaches
  8 hobgoblins (D:1)
  4 jackals
  5 kobolds
  5 bats (D:1)
  A frilled lizard (D:2)
  4 goblins (D:1)
  5 rats
46 creatures vanquished.

Notes
Turn   | Place    | Note
-------+----------+-------------------------------------------
     0 | D:1      | Alarkh the Demonspawn Monk began the quest for the Orb.
     0 | D:1      | Reached XP level 1. HP: 18/18 MP: 1/1
    33 | D:1      | Reached skill level 3 in Axes
   137 | D:1      | Gained mutation: You have a pair of small antennae on your head. [demonic ancestry]
   137 | D:1      | Reached XP level 2. HP: 17/24 MP: 2/2
   800 | D:1      | Reached XP level 3. HP: 28/29 MP: 3/3
  1090 | D:2      | Reached skill level 4 in Axes
  1353 | D:2      | Noticed Natasha
  1680 | D:2      | Killed Natasha
  1680 | D:2      | Gained mutation: You regenerate a little health from kills. [demonic ancestry]
  1680 | D:2      | Reached XP level 4. HP: 16/35 MP: 4/4
  1691 | D:2      | Noticed Natasha
  2019 | D:2      | Killed Natasha
  2252 | D:2      | Noticed Natasha
  2287 | D:3      | Reached skill level 5 in Axes
  2517 | D:3      | Slain by a gnoll

Skill      XL: |  1  2  3  4 |
---------------+-------------+-----
Axes           | 3 4 5 |  5.1
Fighting       | |  3.0
Dodging        | |  2.6
Stealth        | |  1.7

Action                   |  1- 3 |  4- 6 || total
-------------------------+-------+-------++-------
Melee: Hand axe          |   131 |    54 ||   185
       War axe           |       |    10 ||    10
  Use: Scroll            |     3 |     1 ||     4
       Potion            |       |     3 ||     3
 Stab: Sleeping          |     1 |     1 ||     2
  Eat: Chunk             |     2 |     3 ||     5
Armor: Robe              |    22 |     5 ||    27
Dodge: Dodged            |    89 |    35 ||   124
